[Event "EYCC Open-U16 2019"]
[Site "Bratislava"]
[Date "2019.08.02"]
[Round "1.20"]
[White "Sandor, Martin"]
[Black "Tsoi, Dmitry"]
[Result "1/2-1/2"]
[ECO "B01"]
[WhiteElo "2035"]
[BlackElo "2314"]
[Annotator "NA"]
[PlyCount "89"]
[EventDate "2019.08.02"]
[EventType "swiss"]
[EventCountry "SVK"]
[SourceTitle "playchess.com"]
[Source "ChessBase"]
[SourceQuality "1"]
[TimeControl "40/5400+30:1800+30"]

1. e4 d5 2. exd5 Qxd5 3. Nc3 Qa5 4. Nf3 Bg4 5. h3 Bxf3 6. Qxf3 c6 7. Bc4 Nf6 8. O-O e6 9. Re1 Be7 10. d4 Nbd7 11. Be3 O-O 12. Rad1 Nd5 13. Nxd5 cxd5 14. Bb3 b5 15. Bd2 Qd8 16. Qe2 Bf6 17. Bb4 Qb6 18. Bxf8 Nxf8 19. c3 Ng6 20. Bc2 Ne7 21. a3 g6 22. Bd3 Rb8 23. Kh1 Nc8 24. Qf3 Kg7 25. g3 Nd6 26. h4 h5 27. Kg2 a5 28. Qf4 Qd8 29. Ra1 Rb6 30. Rh1 Kf8 31. g4 Ke7 32. g5 Bg7 33. Rhe1 Qb8 34. Re2 Kd7 35. Qe3 Bf8 36. f3 Nc8 37. Qe5 Qxe5 38. Rxe5 Bd6 39. Re2 Ne7 40. a4 b4 41. Rc2 Rb8 42. Bb5+ Kd8 43. Bd3 Bf4 44. Kf2 Nc8 45. Re2 1/2-1/2

[Event "EYCC Open-U16 2019"]
[Site "Bratislava"]
[Date "2019.08.03"]
[Round "2.1"]
[White "Sjoberg, Isak"]
[Black "Kacharava, Nikolozi"]
[Result "1/2-1/2"]
[ECO "B53"]
[WhiteElo "2182"]
[BlackElo "2431"]
[Annotator "NA"]
[PlyCount "42"]
[EventDate "2019.08.02"]
[EventType "swiss"]
[EventCountry "SVK"]
[SourceTitle "playchess.com"]
[Source "ChessBase"]
[SourceQuality "1"]
[TimeControl "40/5400+30:1800+30"]

1. e4 c5 2. Nf3 d6 3. d4 cxd4 4. Qxd4 Nf6 5. Nc3 a6 6. e5 Nc6 7. Qa4 Ng4 8. exd6 Qb6 9. Nd5 Qxf2+ 10. Kd1 Bf5 11. h3 b5 12. Bxb5 axb5 13. Qxa8+ Kd7 14. Nb6+ Qxb6 15. hxg4 Bxg4 16. dxe7 Bxe7 17. Qxh8 Qf2 18. Qxh7 Qxg2 19. Qd3+ Bd6 20. Rf1 Nd4 21. Bf4 Bc5 1/2-1/2

[Event "EYCC Open-U16 2019"]
[Site "Bratislava"]
[Date "2019.08.03"]
[Round "2.2"]
[White "Teclaf, Pawel"]
[Black "Carlsson, Ludvig"]
[Result "1-0"]
[ECO "B88"]
[WhiteElo "2454"]
[BlackElo "2218"]
[Annotator "ChessBase"]
[PlyCount "83"]
[EventDate "2019.08.02"]
[EventType "swiss"]
[EventCountry "SVK"]
[SourceTitle "playchess.com"]
[Source "ChessBase"]
[SourceQuality "1"]
[TimeControl "40/5400+30:1800+30"]

1. e4 c5 2. Nf3 d6 3. d4 cxd4 4. Nxd4 Nf6 5. Nc3 Nc6 6. Bc4 e6 7. Bb3 a6 8. Be3 Qc7 9. f4 Na5 10. f5 e5 11. Nde2 Nxb3 12. axb3 b5 13. O-O Bb7 14. Nd5 Bxd5 15. exd5 Be7 16. Ng3 Qb7 17. c4 O-O 18. Bg5 bxc4 19. bxc4 Qxb2 20. Bxf6 Bxf6 21. Ne4 Qb6+ 22. Kh1 Qd8 23. Ra3 Rc8 24. Qe2 a5 25. Rfa1 Qd7 26. Nxf6+ gxf6 27. Qh5 Rfd8 28. Qh6 Qxf5 29. Rg3+ Qg6 30. Rxg6+ fxg6 31. Rxa5 Rd7 32. h4 Rg7 33. Ra6 Rd8 34. h5 Rdd7 35. Ra8+ Kf7 36. Rh8 g5 37. Rxh7 Kg8 38. Rxg7+ Rxg7 39. Qxf6 g4 40. Qxd6 g3 41. Qxe5 Rf7 42. Qxg3+ 1-0

[Event "EYCC Open-U16 2019"]
[Site "Bratislava"]
[Date "2019.08.03"]
[Round "2.3"]
[White "Briem, Stephan"]
[Black "Horvath, Dominik"]
[Result "0-1"]
[ECO "A46"]
[WhiteElo "2223"]
[BlackElo "2424"]
[Annotator "NA"]
[PlyCount "74"]
[EventDate "2019.08.02"]
[EventType "swiss"]
[EventCountry "SVK"]
[SourceTitle "playchess.com"]
[Source "ChessBase"]
[SourceQuality "1"]
[TimeControl "40/5400+30:1800+30"]

1. d4 Nf6 2. Nf3 d5 3. c4 e6 4. e3 a6 5. a3 c5 6. dxc5 Bxc5 7. b4 Bb6 8. Bb2 O-O 9. Nbd2 Nc6 10. cxd5 exd5 11. Nb3 Re8 12. Be2 Ne4 13. Nbd4 Qf6 14. O-O Qg6 15. Nxc6 bxc6 16. Nd4 Bc7 17. Bf3 Bh3 18. Ne2 Ng5 19. Nf4 Bxf4 20. exf4 Nxf3+ 21. Qxf3 Bg4 22. Qc3 Re2 23. Rfe1 Rae8 24. Rxe2 Rxe2 25. Re1 Bf3 26. g3 d4 27. Qd2 Qe4 28. Rxe2 Bxe2 29. Qe1 d3 30. Qc3 f6 31. Qb3+ Kf8 32. Bc1 Bg4 33. Be3 Qxe3 34. fxe3 d2 35. Kf2 d1=Q 36. Qc3 Qe2+ 37. Kg1 Bf3 0-1

[Event "EYCC Open-U16 2019"]
[Site "Bratislava"]
[Date "2019.08.03"]
[Round "2.5"]
[White "Bin-Suhayl, Ieysaa"]
[Black "Svane, Frederik"]
[Result "1/2-1/2"]
[ECO "D79"]
[WhiteElo "2084"]
[BlackElo "2334"]
[Annotator "NA"]
[PlyCount "85"]
[EventDate "2019.08.02"]
[EventType "swiss"]
[EventCountry "SVK"]
[SourceTitle "playchess.com"]
[Source "ChessBase"]
[SourceQuality "1"]
[TimeControl "40/5400+30:1800+30"]

1. Nf3 Nf6 2. c4 g6 3. g3 Bg7 4. Bg2 c6 5. d4 O-O 6. O-O d5 7. cxd5 cxd5 8. Nc3 Ne4 9. Ne5 Nxc3 10. bxc3 Nc6 11. Nxc6 bxc6 12. Ba3 Ba6 13. Re1 Re8 14. e4 e6 15. Qc2 Bf8 16. Bxf8 Rxf8 17. Bf1 Bxf1 18. Kxf1 Qa5 19. c4 Rab8 20. a3 dxc4 21. Rec1 Qh5 22. Kg2 Rb3 23. Qxc4 Qf3+ 24. Kg1 h5 25. Qxc6 h4 26. e5 Qg4 27. d5 hxg3 28. hxg3 Qd4 29. Qc4 Rxg3+ 30. Kf1 Qxc4+ 31. Rxc4 exd5 32. Rd4 Rg5 33. Rxd5 Re8 34. Re1 Re7 35. Re3 Rf5 36. Ra5 Rb7 37. Kg2 Kf8 38. Ra6 Rb2 39. Rf3 Rg5+ 40. Rg3 Rf5 41. Rf3 Rg5+ 42. Rg3 Rf5 43. Rf3 1/2-1/2

[Event "EYCC Open-U16 2019"]
[Site "Bratislava"]
[Date "2019.08.03"]
[Round "2.6"]
[White "Sahidi, Samir"]
[Black "Bettalli, Francesco"]
[Result "1/2-1/2"]
[ECO "D80"]
[WhiteElo "2369"]
[BlackElo "2095"]
[Annotator "NA"]
[PlyCount "83"]
[EventDate "2019.08.02"]
[EventType "swiss"]
[EventCountry "SVK"]
[SourceTitle "playchess.com"]
[Source "ChessBase"]
[SourceQuality "1"]
[TimeControl "40/5400+30:1800+30"]

1. d4 Nf6 2. c4 g6 3. Nc3 d5 4. g3 Bg7 5. Bg2 c6 6. cxd5 cxd5 7. Nf3 O-O 8. O-O Ne4 9. Bf4 Nc6 10. h4 Bf5 11. Rc1 Rc8 12. Na4 Qd7 13. a3 b5 14. Nc3 Na5 15. Ne5 Qb7 16. Nxe4 dxe4 17. b4 Rxc1 18. Bxc1 Nc6 19. Bb2 Rd8 20. Nxc6 Qxc6 21. Qa1 Qd5 22. e3 Rc8 23. Rc1 Rc4 24. Bf1 Rxc1 25. Qxc1 a6 26. Bg2 h5 27. Qc5 Qb3 28. Qc3 Qd5 29. Bf1 Be6 30. a4 bxa4 31. Bxa6 Qb3 32. Qxb3 Bxb3 33. Bb7 f5 34. b5 e6 35. b6 Bf8 36. Ba6 a3 37. Bc3 a2 38. Kf1 Kf7 39. Ke2 Bb4 40. Ba1 Ke7 41. b7 Bd6 42. Kd2 1/2-1/2

[Event "EYCC Open-U16 2019"]
[Site "Bratislava"]
[Date "2019.08.03"]
[Round "2.7"]
[White "Koziorowicz, Michal"]
[Black "Globus, Or"]
[Result "0-1"]
[ECO "B94"]
[WhiteElo "1985"]
[BlackElo "2352"]
[Annotator "NA"]
[PlyCount "58"]
[EventDate "2019.08.02"]
[EventType "swiss"]
[EventCountry "SVK"]
[SourceTitle "playchess.com"]
[Source "ChessBase"]
[SourceQuality "1"]
[TimeControl "40/5400+30:1800+30"]

1. e4 c5 2. Nf3 d6 3. d4 cxd4 4. Nxd4 Nf6 5. Nc3 a6 6. Bg5 Nbd7 7. Qd2 e5 8. Nf5 h6 9. Be3 Nc5 10. Bxc5 Bxf5 11. Bxd6 Nxe4 12. Nxe4 Bxe4 13. Bxe5 Qxd2+ 14. Kxd2 O-O-O+ 15. Kc3 f6 16. Bg3 Rd5 17. b4 Bd6 18. Bc4 Bxg3 19. hxg3 Rd6 20. f3 Rc6 21. Rh4 Bf5 22. a4 Kb8 23. b5 Rc7 24. bxa6 bxa6 25. Rb1+ Ka7 26. Kd2 Rd8+ 27. Bd3 Rxc2+ 28. Kxc2 Bxd3+ 29. Kc1 Rc8+ 0-1

[Event "EYCC Open-U16 2019"]
[Site "Bratislava"]
[Date "2019.08.03"]
[Round "2.8"]
[White "Kochavi, Ori"]
[Black "Pogosyan, Stefan"]
[Result "0-1"]
[ECO "C78"]
[WhiteElo "2153"]
[BlackElo "2334"]
[Annotator "NA"]
[PlyCount "88"]
[EventDate "2019.08.02"]
[EventType "swiss"]
[EventCountry "SVK"]
[SourceTitle "playchess.com"]
[Source "ChessBase"]
[SourceQuality "1"]
[TimeControl "40/5400+30:1800+30"]

1. e4 e5 2. Nf3 Nc6 3. Bb5 a6 4. Ba4 Nf6 5. O-O b5 6. Bb3 Bc5 7. c3 d6 8. a4 Rb8 9. d4 Bb6 10. a5 Ba7 11. h3 O-O 12. Re1 Qe7 13. Be3 Re8 14. Ng5 Nd8 15. dxe5 Bxe3 16. exf6 Qxf6 17. Rxe3 Qxg5 18. Rg3 Qf6 19. Nd2 Be6 20. Bc2 Nc6 21. Qe2 Ne5 22. Qe3 Rb7 23. f4 Nc4 24. Nxc4 bxc4 25. e5 dxe5 26. Bxh7+ Kxh7 27. Qe4+ Bf5 28. Qxb7 exf4 29. Rg4 Bxg4 30. hxg4 Qd6 31. Qf3 Re3 32. Qf2 Rg3 33. Qc2+ g6 34. Rd1 Qe5 35. Rf1 Rxg4 36. Qd1 Rg3 37. Qd7 Kg7 38. Qd4 Qxd4+ 39. cxd4 f3 40. Rxf3 Rxf3 41. gxf3 Kf6 42. Kf2 Ke6 43. Ke3 Kd5 44. f4 f6 0-1

[Event "EYCC Open-U16 2019"]
[Site "Bratislava"]
[Date "2019.08.03"]
[Round "2.9"]
[White "Suvorov, Alexander"]
[Black "Marn, Jan"]
[Result "1/2-1/2"]
[ECO "D31"]
[WhiteElo "2333"]
[BlackElo "2215"]
[Annotator "NA"]
[PlyCount "88"]
[EventDate "2019.08.02"]
[EventType "swiss"]
[EventCountry "SVK"]
[SourceTitle "playchess.com"]
[Source "ChessBase"]
[SourceQuality "1"]
[TimeControl "40/5400+30:1800+30"]

1. d4 d5 2. c4 e6 3. Nc3 c6 4. e4 dxe4 5. Nxe4 c5 6. dxc5 Qxd1+ 7. Kxd1 Nf6 8. Nd6+ Bxd6 9. cxd6 Ne4 10. Be3 Nxd6 11. Nf3 Nc6 12. c5 Nf5 13. Bd3 e5 14. Ke2 Nxe3 15. fxe3 Bg4 16. h3 Bxf3+ 17. gxf3 Ke7 18. a3 g6 19. b4 a6 20. h4 f5 21. h5 Kf6 22. hxg6 hxg6 23. Bc4 f4 24. Rad1 Rxh1 25. Rxh1 fxe3 26. Kxe3 Kg7 27. Rd1 Nd4 28. Bd5 Rb8 29. Be4 Kf6 30. a4 b6 31. c6 Rc8 32. Rg1 Nf5+ 33. Kd3 b5 34. axb5 axb5 35. Ra1 Ke6 36. Ra6 Nd4 37. f4 Rc7 38. Rb6 Kd6 39. fxe5+ Kxe5 40. Rb7 Rc8 41. Re7+ Ne6 42. Rb7 Nc7 43. Bxg6 Kd6 44. Be4 Ra8 1/2-1/2

[Event "EYCC Open-U16 2019"]
[Site "Bratislava"]
[Date "2019.08.03"]
[Round "2.10"]
[White "Dudin, Gleb"]
[Black "Malovanyi, Yulian"]
[Result "0-1"]
[ECO "B30"]
[WhiteElo "2283"]
[BlackElo "2204"]
[Annotator "NA"]
[PlyCount "90"]
[EventDate "2019.08.02"]
[EventType "swiss"]
[EventCountry "SVK"]
[SourceTitle "playchess.com"]
[Source "ChessBase"]
[SourceQuality "1"]
[TimeControl "40/5400+30:1800+30"]

1. e4 c5 2. Nf3 Nc6 3. Bb5 d6 4. O-O Bd7 5. Re1 Nf6 6. c3 a6 7. Bf1 Bg4 8. d4 cxd4 9. cxd4 e5 10. Be3 Bxf3 11. gxf3 exd4 12. Bxd4 Nxd4 13. Qxd4 Be7 14. Nc3 O-O 15. Rad1 Re8 16. f4 Bf8 17. Bg2 Nh5 18. Nd5 Qh4 19. Qe3 Rac8 20. Re2 Rc5 21. Red2 Rxd5 22. Rxd5 Nxf4 23. R5d2 g6 24. Qg3 Qf6 25. Bf3 Re5 26. h4 Rc5 27. Rd4 Be7 28. R4d2 h5 29. Kf1 Kg7 30. Bh1 b5 31. Bf3 a5 32. Be2 b4 33. Ba6 a4 34. Bb7 Qe5 35. a3 b3 36. Bd5 Bf6 37. Qe3 Bxh4 38. Rd4 Bf6 39. Rxa4 Nxd5 40. exd5 Qxb2 41. Ra8 Be5 42. Rb8 Rc3 43. Qa7 Rf3 44. Kg2 Qe2 45. Re1 Rg3+ 0-1

[Event "EYCC Open-U16 2019"]
[Site "Bratislava"]
[Date "2019.08.03"]
[Round "2.11"]
[White "Zetocha, Adrian"]
[Black "Stefansson, Vignir Vatnar"]
[Result "0-1"]
[ECO "A80"]
[WhiteElo "2193"]
[BlackElo "2293"]
[Annotator "NA"]
[PlyCount "82"]
[EventDate "2019.08.02"]
[EventType "swiss"]
[EventCountry "SVK"]
[SourceTitle "playchess.com"]
[Source "ChessBase"]
[SourceQuality "1"]
[TimeControl "40/5400+30:1800+30"]

1. d4 f5 2. Nf3 Nf6 3. g3 g6 4. Bg2 Bg7 5. O-O O-O 6. b3 d6 7. Bb2 Na6 8. Nbd2 c6 9. e3 Qc7 10. Qe2 Ne4 11. Ne1 Nxd2 12. Qxd2 e5 13. f4 e4 14. c4 Be6 15. Nc2 b5 16. cxb5 cxb5 17. Rfc1 Qb6 18. Bc3 Rfc8 19. Bf1 Qb7 20. Ba5 Rab8 21. Nb4 Bd7 22. Nxa6 Qxa6 23. a4 Qb7 24. axb5 Bxb5 25. Bxb5 Qxb5 26. Bc7 Ra8 27. Bxd6 Qxb3 28. Bc5 a6 29. Ra3 Qb5 30. Ra5 Qb3 31. Rca1 Rc6 32. h3 h6 33. Kf2 Kh7 34. Qe2 Rb8 35. R1a2 Qc3 36. Rxa6 Rxa6 37. Rxa6 Rb2 38. Ra2 Rxe2+ 39. Rxe2 Qc1 40. Re1 Qd2+ 41. Re2 Qd1 0-1

[Event "EYCC Open-U16 2019"]
[Site "Bratislava"]
[Date "2019.08.03"]
[Round "2.12"]
[White "Niedbala, Bartlomiej"]
[Black "Sargsyan, Tigran R."]
[Result "0-1"]
[ECO "D20"]
[WhiteElo "2152"]
[BlackElo "2314"]
[Annotator "ChessBase"]
[PlyCount "168"]
[EventDate "2019.08.02"]
[EventType "swiss"]
[EventCountry "SVK"]
[SourceTitle "playchess.com"]
[Source "ChessBase"]
[SourceQuality "1"]
[TimeControl "40/5400+30:1800+30"]

1. d4 d5 2. c4 dxc4 3. e3 e5 4. Bxc4 exd4 5. exd4 Nf6 6. Nf3 Bd6 7. O-O O-O 8. Nc3 Nc6 9. a3 Bg4 10. h3 Bh5 11. Be3 Qd7 12. Rc1 a6 13. Ba2 Rfe8 14. Re1 Rad8 15. d5 Ne5 16. Nxe5 Bxe5 17. Qd2 Bg6 18. Bf4 Bd6 19. Bxd6 Qxd6 20. Rxe8+ Rxe8 21. Re1 Re5 22. Re3 Qe7 23. Rxe5 Qxe5 24. Bb3 h5 25. Bd1 h4 26. Bf3 Bh5 27. Bxh5 Nxh5 28. Nd1 Nf4 29. Ne3 Qg5 30. Qc2 Nxh3+ 31. Kh2 Nf4 32. Qxc7 Nxd5 33. Qc8+ Kh7 34. Qc2+ g6 35. Nxd5 Qxd5 36. Qc7 g5 37. Qc2+ Kg7 38. Qc3+ f6 39. Qc2 Qe5+ 40. Kg1 Qe1+ 41. Kh2 Qe5+ 42. g3 hxg3+ 43. fxg3 f5 44. Qg2 Qe4 45. Qd2 Kg6 46. Qd6+ Kh5 47. Qd1+ Qg4 48. Qe1 Qe4 49. Qd1+ g4 50. Qd2 Qf3 51. Qe1 Qc6 52. Qe5 Kg6 53. Kg1 b6 54. Qe2 a5 55. Kh2 Kf6 56. Qd2 Kf7 57. Kg1 Qe6 58. Qc3 Ke8 59. Qd2 Qe5 60. Kh2 Ke7 61. Qf2 Qe6 62. Qd2 Qd6 63. Qg5+ Qf6 64. Qe3+ Kd7 65. Qd3+ Kc7 66. Qc2+ Kb7 67. Qg2+ Qc6 68. Qd2 Qe4 69. b3 Kc6 70. Qh6+ Kb5 71. Qd2 Kc6 72. Qh6+ Kc5 73. Qf8+ Kd4 74. Qd6+ Ke3 75. Qxb6+ Kf3 76. Qg1 Qc2+ 77. Kh1 f4 78. Qf1+ Kxg3 79. Qg1+ Kf3 80. Qf1+ Ke3 81. Qe1+ Qe2 82. Qc1+ Kf3 83. Qc3+ Kf2 84. Qd4+ Kg3 0-1

[Event "EYCC Open-U16 2019"]
[Site "Bratislava"]
[Date "2019.08.03"]
[Round "2.13"]
[White "Barseghyan, Armen Ar."]
[Black "Pobor, Milo"]
[Result "1-0"]
[ECO "A56"]
[WhiteElo "2313"]
[BlackElo "2067"]
[Annotator "NA"]
[PlyCount "87"]
[EventDate "2019.08.02"]
[EventType "swiss"]
[EventCountry "SVK"]
[SourceTitle "playchess.com"]
[Source "ChessBase"]
[SourceQuality "1"]
[TimeControl "40/5400+30:1800+30"]

1. d4 Nf6 2. c4 c5 3. d5 g6 4. Nc3 Bg7 5. e4 d6 6. h3 O-O 7. Nf3 e6 8. Be3 exd5 9. exd5 Re8 10. Bd3 a6 11. O-O Nbd7 12. Qd2 b5 13. cxb5 Nb6 14. Bg5 c4 15. Bc2 axb5 16. Nxb5 Qd7 17. Nc3 Bb7 18. Bxf6 Bxf6 19. Rfe1 Bxc3 20. Qxc3 Bxd5 21. Rxe8+ Rxe8 22. a4 Ra8 23. a5 Bxf3 24. Qxf3 Qb5 25. Qa3 d5 26. Bd1 Ra7 27. Bf3 Nd7 28. Qc3 Qc5 29. a6 d4 30. Qd2 c3 31. bxc3 Qxc3 32. Qd1 Nc5 33. Rc1 Qb4 34. Be2 d3 35. Bxd3 Rd7 36. Qe2 Rxd3 37. Rxc5 Qxc5 38. Qxd3 Qc1+ 39. Kh2 Qc7+ 40. g3 Qb6 41. Kg1 Qa5 42. Qc4 Qa1+ 43. Kg2 Kg7 44. Qc6 1-0

[Event "EYCC Open-U16 2019"]
[Site "Bratislava"]
[Date "2019.08.03"]
[Round "2.14"]
[White "Melaa, Sondre"]
[Black "Fecker, Noah"]
[Result "0-1"]
[ECO "B48"]
[WhiteElo "2118"]
[BlackElo "2313"]
[Annotator "NA"]
[PlyCount "110"]
[EventDate "2019.08.02"]
[EventType "swiss"]
[EventCountry "SVK"]
[SourceTitle "playchess.com"]
[Source "ChessBase"]
[SourceQuality "1"]
[TimeControl "40/5400+30:1800+30"]

1. e4 c5 2. Nf3 e6 3. d4 cxd4 4. Nxd4 Nc6 5. Nc3 Qc7 6. Be3 a6 7. Qf3 Ne5 8. Qg3 h5 9. Bf4 d6 10. Bg5 Ng6 11. h4 Nf6 12. O-O-O Bd7 13. f4 b5 14. a3 Rc8 15. f5 Ne5 16. fxe6 fxe6 17. Bxf6 gxf6 18. Be2 Kf7 19. Rhf1 Be7 20. Qg5 Ng4 21. Bxg4 hxg4 22. Qxg4 Qc5 23. Nd5 Rcg8 24. Qh3 Rh6 25. Nf4 Qc8 26. Nd3 Rhg6 27. Qf3 e5 28. Nf5 Bxf5 29. exf5 Rxg2 30. Qd5+ Kf8 31. c3 R8g3 32. Kb1 Qc4 33. Nb4 a5 34. Qxc4 bxc4 35. Nc6 a4 36. Na5 Rg4 37. Nb7 e4 38. Rfe1 Rf2 39. Nxd6 Bxd6 40. Rxd6 Rxf5 41. Rd4 Re5 42. Rxc4 f5 43. Rxa4 Rg2 44. Rd4 Rf2 45. a4 e3 46. b4 f4 47. a5 e2 48. Kc2 Rf1 49. Kd2 f3 50. a6 Kg7 51. Rg4+ Kh6 52. a7 f2 53. Rxe2 Rd1+ 54. Kc2 Rxe2+ 55. Kb3 Rb1+ 0-1

[Event "EYCC Open-U16 2019"]
[Site "Bratislava"]
[Date "2019.08.03"]
[Round "2.15"]
[White "Mis, Mieszko"]
[Black "Gomez Carreno, Martin"]
[Result "1-0"]
[ECO "A57"]
[WhiteElo "2284"]
[BlackElo "2078"]
[Annotator "NA"]
[PlyCount "75"]
[EventDate "2019.08.02"]
[EventType "swiss"]
[EventCountry "SVK"]
[SourceTitle "playchess.com"]
[Source "ChessBase"]
[SourceQuality "1"]
[TimeControl "40/5400+30:1800+30"]

1. d4 Nf6 2. c4 c5 3. d5 b5 4. cxb5 a6 5. f3 d6 6. e4 Nbd7 7. Nc3 g6 8. a4 axb5 9. Bxb5 Bg7 10. Nge2 O-O 11. O-O Ba6 12. Be3 Bxb5 13. Nxb5 Ne8 14. Nec3 Nc7 15. Qe2 Nxb5 16. Nxb5 Nb6 17. a5 Nd7 18. Bd2 Bxb2 19. Rab1 Bg7 20. Na3 Nb8 21. Nc4 Na6 22. Nb6 Ra7 23. Nc4 Qc7 24. Rfc1 Rfa8 25. Kh1 Rb7 26. Nb6 Raa7 27. Qb5 Qd8 28. Qc6 Rc7 29. Qa4 Rcb7 30. Nc4 Qb8 31. Rb6 Nc7 32. Rcb1 Rxb6 33. Rxb6 Rb7 34. Qc6 Rxb6 35. axb6 Na6 36. b7 Nc7 37. Ba5 Qa7 38. Qxc7 1-0

[Event "EYCC Open-U16 2019"]
[Site "Bratislava"]
[Date "2019.08.03"]
[Round "2.16"]
[White "Alonso Garcia, Aaron"]
[Black "Stankovic, Milos M"]
[Result "0-1"]
[ECO "C42"]
[WhiteElo "2248"]
[BlackElo "2270"]
[Annotator "NA"]
[PlyCount "178"]
[EventDate "2019.08.02"]
[EventType "swiss"]
[EventCountry "SVK"]
[SourceTitle "playchess.com"]
[Source "ChessBase"]
[SourceQuality "1"]
[TimeControl "40/5400+30:1800+30"]

1. e4 e5 2. Nf3 Nf6 3. Nxe5 d6 4. Nf3 Nxe4 5. Nc3 Nxc3 6. dxc3 Be7 7. Bf4 Nc6 8. Qd2 Bf5 9. O-O-O Qd7 10. Bb5 a6 11. Bxc6 bxc6 12. Rhe1 O-O 13. Ne5 dxe5 14. Qxd7 Bxd7 15. Rxd7 Bd6 16. Be3 Rfc8 17. Rd1 Kf8 18. R1xd6 cxd6 19. Rxd6 Ke8 20. Bc5 Rab8 21. c4 Rb7 22. Rd3 f6 23. b4 Rd7 24. Ra3 Ra8 25. Ra5 Rdd8 26. Bb6 Rdb8 27. c5 Kd7 28. Ra3 Rb7 29. c4 Rbb8 30. Rh3 h6 31. Rg3 Rg8 32. Rd3+ Ke7 33. a4 Rgb8 34. Rg3 Kf7 35. a5 Rb7 36. Rd3 Rc8 37. Kb2 Ke7 38. Rg3 Ke6 39. Kc3 h5 40. b5 cxb5 41. Rd3 bxc4 42. Rd6+ Ke7 43. Kxc4 Rd7 44. Kd5 h4 45. g3 hxg3 46. hxg3 g6 47. g4 Rxd6+ 48. cxd6+ Kd7 49. Bc7 Rh8 50. Bb6 g5 51. Bc7 Rh4 52. f3 Rh2 53. Ke4 Ke6 54. Bb8 Ra2 55. Bc7 Ra3 56. Bd8 Rb3 57. Bc7 Rb4+ 58. Ke3 Rf4 59. Bb8 Rd4 60. Bc7 Kd7 61. Ke2 e4 62. Ke3 exf3 63. Kxf3 Ra4 64. Kg3 Ra3+ 65. Kg2 Rd3 66. Kf2 Rxd6 67. Bxd6 Kxd6 68. Ke2 Kc5 69. Ke3 Kb5 70. Ke4 Kxa5 71. Kf5 Kb5 72. Kxf6 a5 73. Kxg5 a4 74. Kh6 a3 75. g5 a2 76. g6 a1=Q 77. g7 Qa2 78. Kh7 Qf7 79. Kh8 Qh5+ 80. Kg8 Kc5 81. Kf8 Qf5+ 82. Ke7 Qg6 83. Kf8 Qf6+ 84. Kg8 Kd6 85. Kh7 Qh4+ 86. Kg6 Qc4 87. Kh7 Qf7 88. Kh8 Qh5+ 89. Kg8 Ke5 0-1

[Event "EYCC Open-U16 2019"]
[Site "Bratislava"]
[Date "2019.08.03"]
[Round "2.17"]
[White "Timoshin, Andrei"]
[Black "Ognean, Mihnea-Ionut"]
[Result "1-0"]
[ECO "B07"]
[WhiteElo "2154"]
[BlackElo "2287"]
[Annotator "NA"]
[PlyCount "115"]
[EventDate "2019.08.02"]
[EventType "swiss"]
[EventCountry "SVK"]
[SourceTitle "playchess.com"]
[Source "ChessBase"]
[SourceQuality "1"]
[TimeControl "40/5400+30:1800+30"]

1. e4 d6 2. d4 Nf6 3. Nc3 g6 4. Be3 Bg7 5. Qd2 c6 6. Nf3 b5 7. Bd3 Nbd7 8. h3 Qc7 9. Ne2 Bb7 10. Ng3 a6 11. a4 O-O 12. O-O c5 13. c3 e5 14. d5 c4 15. Bc2 Nc5 16. Bh6 Nfd7 17. Nf5 Bf6 18. Bxf8 Rxf8 19. Ng3 Bd8 20. axb5 axb5 21. Qh6 Re8 22. Ng5 Nf8 23. f4 f6 24. Nf3 Qe7 25. f5 Qg7 26. Qd2 Nfd7 27. h4 Bb6 28. Kh2 Re7 29. Rfb1 Nb3 30. Bxb3 cxb3 31. h5 Nc5 32. Re1 Rc7 33. Nh4 g5 34. Nf3 Na4 35. Kh1 Rc4 36. Nh2 g4 37. h6 Qf7 38. Nxg4 Nc5 39. Qe2 Kf8 40. Qf3 Ke7 41. Ne3 Nd3 42. Nxc4 bxc4 43. Nh5 Nxb2 44. Reb1 Nd3 45. Ng7 Nc5 46. Qe2 Nd3 47. Kh2 Nf2 48. Ra4 Nxe4 49. Qxe4 Bxd5 50. Qe2 e4 51. Rd1 e3 52. Rda1 Kd8 53. Ra8+ Bxa8 54. Rxa8+ Kd7 55. Ne6 b2 56. Qxc4 b1=Q 57. Qc8+ Ke7 58. Qb7+ 1-0

[Event "EYCC Open-U16 2019"]
[Site "Bratislava"]
[Date "2019.08.03"]
[Round "2.18"]
[White "Haring, Filip"]
[Black "Minko, Dmitry"]
[Result "0-1"]
[ECO "C45"]
[WhiteElo "2334"]
[BlackElo "2061"]
[Annotator "NA"]
[PlyCount "104"]
[EventDate "2019.08.02"]
[EventType "swiss"]
[EventCountry "SVK"]
[SourceTitle "playchess.com"]
[Source "ChessBase"]
[SourceQuality "1"]
[TimeControl "40/5400+30:1800+30"]

1. e4 e5 2. Nf3 Nc6 3. d4 exd4 4. Nxd4 Bc5 5. Nb3 Bb6 6. Nc3 Nf6 7. Qe2 O-O 8. Be3 Re8 9. f3 d5 10. O-O-O d4 11. Bf2 Ng4 12. Kb1 d3 13. Rxd3 Nxf2 14. Rxd8 Rxd8 15. Rg1 Nxe4 16. Qxe4 Bxg1 17. Bc4 Bxh2 18. Bd5 Be6 19. Bxe6 fxe6 20. Nc5 Re8 21. Nxb7 Ne5 22. Qh4 Bg1 23. Ne4 Ng6 24. Qh5 Be3 25. g3 e5 26. b3 Re7 27. Nbc5 Rf8 28. Nd3 Ref7 29. f4 Rf5 30. Ng5 h6 31. Qxg6 hxg5 32. Qe6+ Kh7 33. Nxe5 gxf4 34. gxf4 Bxf4 35. Qg6+ Kh8 36. Nd7 R8f7 37. Kb2 Kg8 38. Qe6 Bd6 39. a4 Kh7 40. a5 g6 41. Qe8 Kg7 42. a6 Re7 43. Qc8 Rff7 44. Nb8 Rf8 45. Qb7 c5 46. Nd7 Rff7 47. Qxa7 Rxd7 48. Qa8 Be5+ 49. Ka3 Ra7 50. Qc8 Rf6 51. b4 Rfxa6+ 52. Kb3 c4+ 0-1

[Event "EYCC Open-U16 2019"]
[Site "Bratislava"]
[Date "2019.08.03"]
[Round "2.19"]
[White "Vorisek, Jakub"]
[Black "Mukhutdinov, Tigran"]
[Result "0-1"]
[ECO "C88"]
[WhiteElo "2071"]
[BlackElo "2328"]
[Annotator "NA"]
[PlyCount "88"]
[EventDate "2019.08.02"]
[EventType "swiss"]
[EventCountry "SVK"]
[SourceTitle "playchess.com"]
[Source "ChessBase"]
[SourceQuality "1"]
[TimeControl "40/5400+30:1800+30"]

1. e4 e5 2. Nf3 Nc6 3. Bb5 a6 4. Ba4 Nf6 5. O-O Be7 6. Re1 b5 7. Bb3 O-O 8. a4 Bb7 9. d3 d6 10. Nbd2 Na5 11. Ba2 c5 12. Nf1 bxa4 13. Bd2 Bc6 14. Ne3 Bd7 15. Bc3 Nc6 16. Nd2 Nb4 17. Ndc4 Re8 18. Qd2 Rb8 19. Na3 Bf8 20. Bc4 g6 21. Rf1 Bh6 22. Qe2 Bc6 23. Ng4 Nxg4 24. Qxg4 d5 25. exd5 Nxd5 26. h4 Bg7 27. Bxd5 Qxd5 28. f3 h5 29. Qc4 Qd6 30. Qxa6 Ra8 31. Nc4 Qd5 32. Qb6 Rec8 33. Ne3 Qd7 34. Nc4 Qe7 35. b4 cxb4 36. Qxb4 Qxb4 37. Bxb4 e4 38. Ra3 exd3 39. cxd3 Bd5 40. Nd6 Rcb8 41. Rb1 Bd4+ 42. Kh1 Bc5 43. Bxc5 Rxb1+ 44. Kh2 Rb3 0-1

[Event "EYCC Open-U16 2019"]
[Site "Bratislava"]
[Date "2019.08.03"]
[Round "2.20"]
[White "De Boer, Eelke"]
[Black "Torngren, Gustav"]
[Result "1-0"]
[ECO "B06"]
[WhiteElo "2279"]
[BlackElo "2109"]
[Annotator "NA"]
[PlyCount "77"]
[EventDate "2019.08.02"]
[EventType "swiss"]
[EventCountry "SVK"]
[SourceTitle "playchess.com"]
[Source "ChessBase"]
[SourceQuality "1"]
[TimeControl "40/5400+30:1800+30"]

1. e4 g6 2. d4 Bg7 3. Nf3 d6 4. Bc4 Nf6 5. Qe2 O-O 6. O-O Bg4 7. e5 dxe5 8. dxe5 Nd5 9. Nbd2 c6 10. h3 Bxf3 11. Nxf3 e6 12. a4 Nb6 13. Bb3 Qc7 14. Re1 N8d7 15. c3 h6 16. h4 Rfd8 17. Bc2 Nd5 18. h5 Nf8 19. g3 Ne7 20. Kg2 Rd5 21. c4 Rd7 22. Rh1 Kh7 23. Bf4 Nf5 24. hxg6+ fxg6 25. Bxf5 gxf5 26. Qe3 Qb6 27. c5 Qd8 28. Bxh6 Kg8 29. Bxg7 Rxg7 30. Rad1 Qe7 31. Rd6 Re8 32. Nd4 Rg4 33. Rh6 Re4 34. Qf3 Qg7 35. Qh5 Rxe5 36. Nf3 Re4 37. Ng5 Rg4 38. Rh8+ Qxh8 39. Qf7# 1-0